 Dungeon Crawl Stone Soup version 0.30.1-11-g7821555f0a (webtiles) character file.

Game seed: 4980663374152481837

355 porpoise the Digger (level 6, 0/32 HPs)
             Began as a Gargoyle Earth Elementalist on Dec 16, 2023.
             Slain by a gnoll
             ... wielding a +2 heavy halberd
              (6 damage)
             ... on level 4 of the Dungeon.
             The game lasted 00:11:56 (3523 turns).

porpoise the Digger (Gargoyle Earth Elementalist)   Turns: 3523, Time: 00:11:56

Health: 0/32       AC:  8    Str: 12    XL:     6   Next: 63%
Magic:  2/10       EV: 11    Int: 17    God:
Gold:   99         SH:  0    Dex: 10    Spells: 4/11 levels left

rFire   . . .        a - +2 dagger (elec)
rCold   + . .        (no shield)
rNeg    + . .        f - +0 robe
rPois   ∞            (no helmet)
rElec   +            (no cloak)
rCorr   .            e - +0 pair of gloves
SInv    .            h - +0 pair of boots
Will    .....        (no amulet)
Stlth   ++           u - ring of protection from cold
HPRegen 0.25/turn    (no ring)
MPRegen 0.12/turn

%: no passive effects
@: mighty
A: sickness immunity, AC +4, negative energy resistance 1, electricity
resistance, torment resistance 1, petrification resistance
a: no special abilities


You were on level 4 of the Dungeon.
You visited 1 branch of the dungeon, and saw 4 of its levels.

You collected 99 gold pieces.

Inventory:

Hand Weapons
 a - a +2 dagger of electrocution (weapon)
 b - a +0 sling of freezing
Missiles
 m - 10 poisoned darts
Armour
 e - a +0 pair of gloves (worn)
 f - a +0 robe (worn)
 h - a +0 pair of boots (worn)
Magical Staves
 g - a staff of fire
Jewellery
 u - a ring of protection from cold (left hand)
Wands
 o - a wand of flame (13)
Scrolls
 c - a scroll of immolation
 j - a scroll of poison {unknown}
 k - a scroll of enchant weapon {unknown}
 r - a scroll of noise
 t - 2 scrolls of brand weapon
 v - a scroll of teleportation
Potions
 d - 3 potions of curing
 i - 2 potions of brilliance
 l - a potion of attraction
 q - a potion of invisibility {unknown}
 s - a potion of mutation {unknown}


   Skills:
 - Level 1.5 Dodging
 - Level 2.1 Stealth
 - Level 3.2 Spellcasting
 + Level 3.1 Conjurations
 + Level 2.0 Summonings
 - Level 0.7 Transmutations
 + Level 6.2 Earth Magic


You had 4 spell levels left.
You knew the following spells:

 Your Spells              Type           Power      Damage    Failure   Level
a - Sandblast             Erth           48%        2d12      1%          1
b - Stone Arrow           Conj/Erth      36%        3d9       8%          3
c - Call Canine Familiar  Summ           9%         N/A       22%         3

Your spell library contained the following spells:

 Spells                   Type           Power      Damage    Failure   Level
 Passwall                 Tmut/Erth      11%        N/A       6%          2
 Summon Small Mammal      Summ           36%        N/A       8%          1
 Beastly Appendage        Tmut           10%        N/A       13%         1
 Wereblood                Tmut           5%         N/A       19%         2
 Summon Guardian Golem    Hex/Summ       6%         N/A       34%         3
 Petrify                  Tmut/Erth      14%        N/A       38%         4
 Spider Form              Tmut/Pois      3%         N/A       41%         3


Dungeon Overview and Level Annotations

Branches:
Dungeon (4/15)
 Temple: D:4-7

Altars:

Shops:
D:3 [


Innate Abilities, Weirdness & Mutations

You are immune to sickness and miasma.
Your stone body is resilient. (AC +4)
You are immune to poison.
You resist negative energy. (rN+)
You are resistant to electric shocks. (rElec)
You are resistant to unholy torment.
You are immune to petrification.


Message History

Edmund barely misses you.
You hit Edmund but do no damage.
Edmund is moderately wounded.
A gnoll comes into view. It is wielding a +0 whip. x2
Edmund hits you with a +2 flail of holy wrath!
You barely miss Edmund.
Edmund is moderately wounded.
A gnoll comes into view. It is wielding a +2 heavy halberd.
Edmund says, "I'm quite good with sums, too."
Edmund hits you with a +2 flail of holy wrath.
It was a potion of might.
You feel very mighty all of a sudden.
An endoplasm comes into view.
Edmund hits you with a +2 flail of holy wrath.
You puncture Edmund! Lightning courses through Edmund!
You kill Edmund!
Your Conjurations skill increases to level 3!
Your Earth Magic skill increases to level 6!
You hit the endoplasm.
The endoplasm is almost dead.
The endoplasm barely misses you.
You puncture the endoplasm!
Lightning courses through the endoplasm!!
You kill the endoplasm!
You puncture the gnoll!
The gnoll is severely wounded.
The gnoll hits you with a +0 flail.
You hit the gnoll. Lightning courses through the gnoll!
You kill the gnoll!
The gnoll hits you from afar with a +2 heavy halberd!
* * * LOW HITPOINT WARNING * * *
Your Summonings skill increases to level 2!
You puncture the gnoll!
The gnoll is almost dead.
The gnoll completely misses you. The gnoll closely misses you.
You puncture the gnoll! Lightning courses through the gnoll!
You kill the gnoll!
You completely miss the gnoll.
The gnoll hits you from afar with a +2 heavy halberd.
You die...

.#######.##.# #.# .#
#.##.# #.# .# #.##.# #.#
## #.##.###.# ##
#........# .##
####.##### ..## ##. #.#
#
...####...#.######.##...
...'..>.........@g......
...####.........##g.....
..## ##....###.# .....
.########.#.# #.# #.#.
#........###. #.# #
#.#######. # #.# #.# #.#
#.##### ..# .....)# ###


You could see 2 gnolls.

Vanquished Creatures
  Edmund (D:4)
  A hound (D:4)
  Ijyb (D:4)
  An iguana (D:4)
  6 gnolls
  2 adders (D:3)
  3 worms (D:2)
  4 dart slugs
  6 ball pythons
  6 bats
  12 endoplasms
  6 giant cockroaches
  A hobgoblin (D:1)
  3 jackals (D:2)
  7 kobolds
  3 quokkas
  4 frilled lizards
  6 goblins
  4 rats
77 creatures vanquished.

Notes
Turn   | Place    | Note
-------+----------+-------------------------------------------
     0 | D:1      | porpoise the Gargoyle Earth Elementalist began the quest
                  | for the Orb.
     0 | D:1      | Reached XP level 1. HP: 10/10 MP: 3/3
   253 | D:1      | Reached skill level 4 in Earth Magic
   253 | D:1      | Reached XP level 2. HP: 15/15 MP: 1/5
   550 | D:1      | Found a faded altar of an unknown god.
   889 | D:1      | Reached XP level 3. HP: 19/19 MP: 6/6
  1417 | D:2      | Reached XP level 4. HP: 12/24 MP: 0/8
  1659 | D:2      | Reached skill level 5 in Earth Magic
  1679 | D:2      | Learned a level 3 spell: Stone Arrow
  2280 | D:2      | Reached skill level 1 in Conjurations
  2558 | D:3      | Found Zadeyss's Armour Shop.
  2654 | D:3      | Reached XP level 5. HP: 28/28 MP: 7/9
  2767 | D:3      | Learned a level 3 spell: Call Canine Familiar
  3348 | D:4      | Noticed Ijyb
  3356 | D:4      | Reached skill level 1 in Summonings
  3369 | D:4      | Killed Ijyb
  3370 | D:4      | Reached XP level 6. HP: 8/32 MP: 7/10
  3507 | D:4      | Noticed Edmund
  3516 | D:4      | Killed Edmund
  3517 | D:4      | Reached skill level 6 in Earth Magic
  3523 | D:4      | Slain by a gnoll

Illustrated notes

Levels and vault maps discovered:
D:1:      minmay_arrival_split_and_join, layout_basic,
          hellmonk_ecumenical_altar_zigzags, serial_co_window_serial,
          co_window_of_opportunity_a, co_window_of_opportunity_a,
          co_window_corner_a, co_window_paths_a, co_window_paths_a,
          co_window_corner_a, co_window_corner_a, co_window_paths_a,
          co_window_paths_a, co_window_cross_2, co_window_unsneaky_path_c,
          co_window_broadway_b, co_window_2corner, co_window_paths_e,
          glass_columns_a, glass_columns_a, glass_columns_c
D:2:      layout_basic
D:3:      layout_basic, serial_shops, shop
D:4:      layout_loops_corners, uniq_ijyb, uniq_edmund, uniq_robin

Skill      XL: |  1  2  3  4  5  6 |
---------------+-------------------+-----
Earth Magic    | 4 5 6 |  6.2
Spellcasting   | 3 |  3.2
Conjurations   | 1 2 3 |  3.1
Summonings     | 1 2 |  2.0
Dodging        | |  1.5
Stealth        | |  2.1
Transmutations | |  0.7

Action                     |  1- 3 |  4- 6 || total
---------------------------+-------+-------++-------
  Melee: Unarmed           |     7 |       ||     7
         Dagger            |    10 |    20 ||    30
   Fire: Sling             |       |    59 ||    59
   Cast: Sandblast         |    33 |    54 ||    87
         Stone Arrow       |       |     3 ||     3
    Use: Scroll            |     1 |     6 ||     7
         Potion            |       |     3 ||     3
   Stab: Sleeping          |       |     1 ||     1
 Armour: Robe              |     9 |    23 ||    32
  Dodge: Dodged            |    17 |    23 ||    40
